 Dungeon Crawl Stone Soup version 0.23-a0-642-g3120c2f5a9 (webtiles) character file.

581 HereIgoKillingAgain the Changer (level 7, -3/57 HPs)
             Began as a Naga Transmuter on Dec 31, 2018.
             Was a Follower of Qazlal.
             Slain by Eustachio
             ... wielding a +0 rapier
              (6 damage)
             ... on level 5 of the Dungeon.
             The game lasted 00:07:06 (5346 turns).

HereIgoKillingAgain the Changer (Naga Transmuter)   Turns: 5346, Time: 00:07:07

Health: -3/57      AC:  3    Str: 15      XL:     7   Next: 36%
Magic:  0/10       EV:  9    Int: 13      God:    Qazlal [*.....]
Gold:   185        SH:  2    Dex:  6 (11) Spells: 4/10 levels left

rFire    . . .     SeeInvis +   f - +2 whip (elec)
rCold    . . .     Gourm    .   (no shield)
rNeg     + . .     Faith    .   b - +0 robe
rPois    +         Spirit   +   (no helmet)
rElec    .         Reflect  .   (no cloak)
rCorr    .         Harm     .   (no gloves)
MR       .....                  (no barding)
Stlth    +.........             i - amulet of guardian spirit
HPRegen  0.19/turn              j - ring of positive energy
MPRegen  0.12/turn              (no ring)

@: very slow
A: large, see invisible, deformed body, poison resistance, slowness 2, slow
metabolism 1, spit poison 1, AC +2
a: Spit Poison, Renounce Religion


You were on level 5 of the Dungeon.
You worshipped Qazlal.
Qazlal was aware of your devotion.
You were not hungry.

You visited 1 branch of the dungeon, and saw 5 of its levels.

You collected 185 gold pieces.

Inventory:

Hand Weapons
 f - a +2 whip of electrocution (weapon)
Missiles
 a - 22 arrows
Armour
 b - a +0 robe (worn)
Jewellery
 i - an amulet of guardian spirit (around neck)
 j - a ring of positive energy (left hand)
Scrolls
 e - a scroll of fear {unknown}
 g - a scroll of remove curse
 h - a scroll of immolation
 l - a scroll of amnesia {unknown}
Potions
 n - a potion of curing
Comestibles
 d - 5 rations


   Skills:
 - Level 1.0 Fighting
 - Level 1.5 Dodging
 + Level 5.2 Unarmed Combat
 - Level 2.0 Spellcasting
 * Level 6.6 Transmutations


You had 4 spell levels left.
You knew the following spells:

 Your Spells              Type           Power        Failure   Level  Hunger
a - Beastly Appendage     Tmut           ###...       1%          1    ##.....
b - Sticks to Snakes      Tmut           ###.....     2%          2    ###....
c - Spider Form           Tmut/Pois      #.........   21%         3    ####...

Your spell library contained the following spells:

 Spells                   Type           Power        Failure   Level  Hunger
 Ice Form                 Ice/Tmut       #.......     54%         4    #####..
 Blade Hands              Tmut           ###.......   43%         5    ######.


Dungeon Overview and Level Annotations

Branches:
Dungeon (5/15)
 Temple: D:4-7

Altars:
Qazlal
Sif Muna
Trog
Uskayaw
Wu Jian
Yredelemnul
Zin

Annotations:
D:5 Eustachio


Innate Abilities, Weirdness & Mutations

You cannot wear boots.
Your serpentine skin is tough. (AC +2)
You have supernaturally acute eyesight. (SInv)
Armour fits poorly on your strangely shaped body.
Your system is resistant to poisons. (rPois)
You cover ground very slowly.
You have a slow metabolism.
You can spit poison.


Message History

The quasit claws you.
* * * LOW HITPOINT WARNING * * *
The quasit barely misses you.
The crimson imp blinks!
The bullfrog barely misses you.
Unknown command.
You closely miss Eustachio.
Eustachio is almost dead.
The bat hits you.
* * * LOW HITPOINT WARNING * * *
Your adder closely misses the bullfrog.
The quasit closely misses you. You block the quasit's attack.
The quasit closely misses you. The quasit bites you.
* * * LOW HITPOINT WARNING * * *
You feel clumsy.
The quasit claws you but does no damage.
The quasit barely misses you.
The bullfrog hits you but does no damage.
Your adder bites the bullfrog.
The bullfrog is poisoned.
Your adder poisons the bullfrog!
Eustachio hits you with a +0 rapier.
You die...

#......###.####.###.###.##
#.#...###...#.......# #.#
#.#....##._.....##### #.#
###<###.......#...# #.#
#......#....###...# #.#
#.#.##.###..####..# #.#
###.#.##.# #..S.....# ###.#
#.....##.# #5.F....## #...#
#.#.####.###.@5..### ##.###
#.#......##..b@...## ##..#
#.#...####.......5.####...####
#........'.........'..........
#.#...####.........####...####
#.##.## ##.......######..#
#.#### ##..ยง......# ##.#
#...# #....####.# #.# ###.#
#.#'## #.# #.#


You could see Eustachio, a bullfrog, 2 quasits, a crimson imp, a bat and a
friendly adder.

Vanquished Creatures
  A hippogriff (D:4)
  A phantom (D:4)
  An ogre (D:4)
  An orc priest (D:4)
  An orc wizard (D:4)
  A worker ant (D:3)
  3 oozes
  3 worms
  2 dart slugs
  3 leopard geckos
  7 orcs
  A ball python (D:1)
  4 giant cockroaches
  A gnoll zombie (D:2)
  4 goblins
  3 hobgoblins
  3 jackals (D:4)
  10 kobolds
  3 quokkas
  3 bats
  2 frilled lizards
  4 rats
62 creatures vanquished.

Vanquished Creatures (collateral kills)
  A bullfrog skeleton (D:5)
  2 jellies
  4 adders
  A worm (D:3)
  A dart slug (D:3)
  3 orcs
  2 bats (D:3)
  A giant cockroach (D:3)
  A gnoll zombie (D:2)
  3 hobgoblins (D:2)
  A jackal (D:4)
  A ball python (D:3)
  3 frilled lizards
  4 goblins
  5 kobolds
  2 rats (D:3)
35 creatures vanquished.

Grand Total: 97 creatures vanquished

Notes
Turn   | Place    | Note
-------+----------+-------------------------------------------
     0 | D:1      | HereIgoKillingAgain the Naga Transmuter began the quest for
                  | the Orb.
     0 | D:1      | Reached XP level 1. HP: 18/18 MP: 3/3
   200 | D:1      | Reached XP level 2. HP: 19/25 MP: 5/5
   591 | D:1      | Reached skill level 3 in Transmutations
   591 | D:1      | Reached XP level 3. HP: 15/31 MP: 6/6
   791 | D:1      | Learned a level 2 spell: Sticks to Snakes
   795 | D:1      | Learned a level 3 spell: Spider Form
  1234 | D:1      | You fall through a shaft!
  1566 | D:2      | Found a basalt altar of Yredelemnul.
  1871 | D:2      | Reached XP level 4. HP: 22/38 MP: 4/7
  1936 | D:2      | Found an ornate altar of the Wu Jian Council.
  2269 | D:2      | Found a deep blue altar of Sif Muna.
  2380 | D:2      | Noticed a fire elemental
  2381 | D:2      | Found a stormy altar of Qazlal.
  2384 | D:2      | Noticed an earth elemental
  2389 | D:2      | Noticed an air elemental
  2392 | D:2      | Noticed a water elemental
  2537 | D:2      | Became a worshipper of Qazlal Stormbringer
  2842 | D:3      | Reached skill level 4 in Transmutations
  3199 | D:3      | Reached XP level 5. HP: 3/44 MP: 3/8
  3955 | D:4      | Reached * piety under Qazlal
  3957 | D:4      | Found a glowing silver altar of Zin.
  3979 | D:4      | Noticed a hippogriff
  4007 | D:4      | Killed a hippogriff
  4007 | D:4      | Reached skill level 5 in Transmutations
  4007 | D:4      | Reached XP level 6. HP: 30/51 MP: 0/9
  4379 | D:4      | Reached skill level 6 in Transmutations
  4400 | D:4      | Reached skill level 5 in Unarmed Combat
  4400 | D:4      | Reached XP level 7. HP: 17/57 MP: 2/10
  4705 | D:4      | Found a hide-covered altar of Uskayaw.
  5117 | D:5      | Entered Level 5 of the Dungeon
  5231 | D:5      | Found a bloodstained altar of Trog.
  5327 | D:5      | Noticed Eustachio
  5346 | D:5      | Slain by Eustachio

Vault maps used:
D:1:      co_arrival_square_in_a_square_in_a_square
D:2:      lemuel_round_altar, nicolae_qazlal_style_of_elements,
          lemuel_zombie_altar_yredelemnul, lemuel_round_altar,
          kennysheep_generic_room_12
D:3:      first_ration
D:4:      old_standard_altar, lemuel_doored_altar, cheibrodos_sewer_entry_bend,
          minmay_unequal
D:5:      tgw_trog, serial_shops, shop, minmay_misc_feat_doors,
          trog_three_pillars_becter, uniq_prince_ribbit1, uniq_eustachio,
          uniq_duvessa, uniq_menkaure

Skill      XL: |  1  2  3  4  5  6 |
---------------+-------------------+-----
Transmutations | 3 4 5 6 |  6.6
Unarmed Combat | 4 5 |  5.2
Fighting       | |  1.0
Dodging        | |  1.5
Spellcasting   | |  2.0

Action                   |  1- 3 |  4- 6 |  7- 9 || total
-------------------------+-------+-------+-------++-------
Melee: Unarmed           |   128 |    65 |       ||   193
       Headbutt          |     4 |       |       ||     4
       Whip              |       |    32 |    44 ||    76
       Punch             |       |       |     1 ||     1
 Cast: Beastly Appendage |     5 |       |       ||     5
       Sticks to Snakes  |    13 |    39 |    17 ||    69
       Spider Form       |       |     2 |       ||     2
 Abil: Spit Poison       |       |     2 |       ||     2
  Use: Scroll            |     5 |     1 |     4 ||    10
       Potion            |       |     2 |     1 ||     3
 Stab: Sleeping          |     1 |       |       ||     1
  Eat: Chunk             |     2 |     5 |       ||     7
       Ration            |       |     2 |     1 ||     3
Armor: Robe              |    38 |    15 |    41 ||    94
       Skin              |       |     1 |       ||     1
Dodge: Dodged            |   100 |    80 |    67 ||   247
Block: Other             |       |     2 |    14 ||    16

Table legend:
 A = Non-vault XP
 B = Vault XP
 C = Vault XP percentage of total XP
 D = Non-vault monster count
 E = Vault monster count
 F = Vault count percentage of total count
                 A         B        C        D         E       F
            +---------+---------+-------+---------+---------+-------
      Total |     811 |      19 |   2.3 |      91 |       6 |   6.2
            +---------+---------+-------+---------+---------+-------
        D:1 |      41 |       0 |   0.0 |      16 |       0 |   0.0
        D:2 |      46 |       5 |   9.8 |      25 |       3 |  10.7
        D:3 |     130 |       0 |   0.0 |      29 |       0 |   0.0
        D:4 |     551 |      14 |   2.5 |      18 |       3 |  14.3
        D:5 |      43 |       0 |   0.0 |       3 |       0 |   0.0
            +---------+---------+-------+---------+---------+-------
